 Dungeon Crawl Stone Soup version 0.29.1-12-g30fa7ad0bf (webtiles) character file.

Game seed: 16038445554094650043

142 FexLirch the Digger (level 5, -2/38 HPs)
             Began as a Meteoran Earth Elementalist on Jan 3, 2023.
             Slain by a goblin
             ... wielding a +0 club
             ... led by Robin
              (5 damage)
             ... on level 3 of the Dungeon.
             The game lasted 00:05:34 (462 turns).

FexLirch the Digger (Meteoran Earth Elementalist)    Turns: 462, Time: 00:05:35

Health: -2/38      AC:  3    Str: 10    XL:     5   Next: 79%
Magic:  2/12       EV: 12    Int: 18    God:
Gold:   57         SH:  0    Dex: 14    Spells: 6/12 levels left

rFire   . . .      SeeInvis .   h - +2 dagger (venom)
rCold   . . .      Faith    .   (no shield)
rNeg    . . .      Spirit   .   a - +0 robe
rPois   .          Reflect  .   (no helmet)
rElec   .          Harm     .   g - +0 cloak
rCorr   .          Rampage  .   (no gloves)
Will    .....                   (no boots)
Stlth   +.........              (no amulet)
HPRegen 0.12/turn               (no ring)
MPRegen 0.13/turn               (no ring)

@: glowing
A: sense surroundings 1, otherworldly, glowing, explore regen
a: no special abilities


You were on level 3 of the Dungeon.
You visited 1 branch of the dungeon, and saw 4 of its levels.

You collected 57 gold pieces.

Inventory:

Hand Weapons
 d - a +0 club
 h - a +2 dagger of venom (weapon)
Missiles
 f - 8 poisoned darts (quivered)
Armour
 a - a +0 robe (worn)
 g - a +0 cloak (worn)
Wands
 j - a wand of flame (20)
Scrolls
 b - a scroll of brand weapon
 c - a scroll of identify
Potions
 e - a potion of curing
 i - a potion of flight


   Skills:
 - Level 2.4 Dodging
 - Level 1.4 Stealth
 + Level 4.3 Spellcasting
 + Level 3.0 Conjurations
 - Level 1.2 Transmutations
 + Level 5.0 Earth Magic


You had 6 spell levels left.
You knew the following spells:

 Your Spells              Type           Power      Damage    Failure   Level
a - Sandblast             Erth           44%        2d11      1%          1
b - Passwall              Tmut/Erth      12%        N/A       6%          2
c - Stone Arrow           Conj/Erth      36%        3d9       9%          3

Your spell library contained the following spells:

 Spells                   Type           Power      Damage    Failure   Level
 Ensorcelled Hibernation  Hex/Ice        6%         N/A       22%         2
 Petrify                  Tmut/Erth      15%        N/A       36%         4
 Swiftness                Air            3%         N/A       41%         3


Dungeon Overview and Level Annotations

Branches:
Dungeon (4/15) Zot: 1914
 Temple: D:4-7

Altars:

Annotations:
D:3 Robin, Sigmund


Innate Abilities, Weirdness & Mutations

You passively map a small area around you.
You are easily found by Zot.
You glow in the dark.
You regain HP and MP as you explore.


Message History

Aim: a hobgoblin (strong, 68% to hit)
The stone arrow hits the hobgoblin!
You kill the hobgoblin!
The rat bites you but does no damage. The goblin misses you.
The goblin hits you with a +0 club.
Robin roars a battlecry!
The goblin goes into a battle-frenzy!
The goblin hits you but does no damage.
Casting: Stone Arrow (dangerous; 9% risk of failure)
Confirm with . or Enter, or press ? or * to list all spells.
Aiming: Stone Arrow (dangerous; 9% risk of failure)
Press: ? - help, Shift-Dir - straight line, f - goblin
Aim: a goblin, wielding a +0 club (strong, 60% to hit)
Okay, then.
Unknown command.
Casting: Stone Arrow (dangerous; 9% risk of failure)
Confirm with . or Enter, or press ? or * to list all spells.
Aiming: Sandblast (safe; 1% risk of failure)
Press: ? - help, Shift-Dir - straight line, f - goblin
Aim: a goblin, wielding a +0 club (strong, 79% to hit)
The blast of sand hits the goblin!
You kill the goblin!
The goblin barely misses you.
A rat comes into view.
The rat barely misses you. The goblin barely misses you.
Casting: Sandblast (safe; 1% risk of failure)
Confirm with . or Enter, or press ? or * to list all spells.
Aiming: Sandblast (safe; 1% risk of failure)
Press: ? - help, Shift-Dir - straight line, f - goblin
Aim: a goblin, wielding a +0 club (strong, 79% to hit)
The blast of sand hits the goblin!
You kill the goblin!
The goblin hits you with a +0 club.
* * * LOW HITPOINT WARNING * * *
The goblin hits you with a +0 club.
* * * LOW HITPOINT WARNING * * *
The rat closely misses you. Robin throws the goblin at you!
* * * LOW HITPOINT WARNING * * *
The goblin hits you but does no damage. The goblin hits you with a +0 club.
You die...

.....[............).. ,,
........................
.r.#........(.......>...
.....#..................
, #....$.###############.
, ...#..#8P#.....).#P8#.
, .
.....g#P.#≈≈≈≈≈≈≈#.P#.
,....##gg#..#..~P~..#..#.
, , *
#...g@#©.'..~⌠~..'.©#©
##..rg#..#..~~~..#..#@
......gg#P.#≈≈≈≈≈≈≈#.P#.
##.....g#8~#.......#P8#.
###...g###############. ,
, ##..................[ ,
..................... *
##########.....##.....
#####........


You could see Robin, a hobgoblin (strong), 7 goblins and 2 rats.

Vanquished Creatures
  An orc priest (D:3)
  Terence (D:3)
  2 gnolls
  An adder (D:3)
  4 shadow imps (D:3)
  A ball python (D:1)
  3 endoplasms (D:1)
  2 hobgoblins
  2 jackals (D:1)
  A kobold (D:3)
  3 quokkas (D:1)
  3 bats
  A frilled lizard (D:1)
  6 goblins
  A rat (D:3)
32 creatures vanquished.

Notes
Turn   | Place    | Note
-------+----------+-------------------------------------------
     0 | D:1      | FexLirch the Meteoran Earth Elementalist began the quest
                  | for the Orb.
     0 | D:1      | Reached XP level 1. HP: 14/14 MP: 5/5
     2 | D:1      | Noticed a meteoran
     2 | D:1      | Noticed a human
     4 | D:1      | Noticed a formicid
     4 | D:1      | Noticed a draconian
     6 | D:1      | Noticed a spriggan
     6 | D:1      | Noticed a naga
     8 | D:1      | Noticed a gargoyle
     8 | D:1      | Noticed a tengu
    10 | D:1      | Noticed a palentonga
    10 | D:1      | Noticed an ogre
    12 | D:1      | Noticed a demonspawn
    12 | D:1      | Noticed a troll
    14 | D:1      | Noticed a vampire
    16 | D:1      | Noticed an elf
    18 | D:1      | Noticed a felid
    20 | D:1      | Noticed a merfolk
    20 | D:1      | Noticed an octopode
    22 | D:1      | Noticed a minotaur
    22 | D:1      | Noticed a demigod
    24 | D:1      | Noticed a ghoul
    24 | D:1      | Noticed a minotaur
    27 | D:1      | Noticed a vine stalker
    27 | D:1      | Noticed a draconian
    61 | D:1      | Reached XP level 2. HP: 20/20 MP: 1/6
    65 | D:1      | Learned a level 2 spell: Passwall
    71 | D:1      | Reached skill level 1 in Conjurations
   121 | D:1      | Reached skill level 4 in Earth Magic
   225 | D:3      | Found a faded altar of an unknown god.
   227 | D:3      | Reached XP level 3. HP: 26/26 MP: 4/8
   267 | D:3      | Learned a level 3 spell: Stone Arrow
   298 | D:3      | Found a transporter.
   312 | D:3      | Found a transporter.
   320 | D:3      | Noticed Terence
   325 | D:3      | Killed Terence
   326 | D:3      | Reached XP level 4. HP: 30/33 MP: 1/10
   344 | D:4      | Noticed a lemure
   349 | D:4      | Noticed an ogre
   391 | D:3      | Noticed Sigmund
   419 | D:3      | Reached XP level 5. HP: 30/38 MP: 9/11
   437 | D:3      | Reached skill level 5 in Earth Magic
   440 | D:3      | Noticed Robin
   462 | D:3      | Slain by a goblin

Illustrated notes

Levels and vault maps discovered:
D:1:      kb_arrival_jail, layout_basic, serial_aquarium,
          aquarium_bridge_straight [aquarium_subvault_bridge,
          aquarium_subvault_window, aquarium_subvault_bridge,
          aquarium_subvault_wall], aquarium_bridge_long_joined
          [aquarium_subvault_wall, aquarium_subvault_bridge,
          aquarium_subvault_bridge, aquarium_subvault_bridge,
          aquarium_subvault_bridge, aquarium_subvault_balcony],
          aquarium_window_fake, aquarium_window_corner, aquarium_window_corner,
          aquarium_view_2b, aquarium_view_2d, aquarium_balcony_3a,
          minmay_misc_feat_diagonals, st_stairs_5, minmay_octomino_c4
D:2:      layout_basic, minmay_curled_crystal, nrook_mini_backslash,
          skrybe_limestone_x
D:3:      gammafunk_wand_slinger, layout_rooms, nicolae_vehumet_radiance,
          gammafunk_temple_overflow_arena, ebering_ecumenical_altar_box,
          chequers_serial_rivers_large_a, uniq_robin, uniq_terence, uniq_sigmund
D:4:      layout_rooms, serial_corexii_hall, corexii_hall_statues_x,
          chequers_hall_statues_y, dk_noncrumbling_2, uniq_menkaure, uniq_pikel,
          uniq_eustachio, uniq_grinder, uniq_ijyb

Skill      XL: |  1  2  3  4  5 |
---------------+----------------+-----
Spellcasting   | 3 4 |  4.3
Conjurations   | 1 2 3 |  3.0
Earth Magic    | 4 5 |  5.0
Dodging        | |  2.4
Stealth        | |  1.4
Transmutations | |  1.2

Action                   |  1- 3 |  4- 6 || total
-------------------------+-------+-------++-------
Throw: Dart              |       |     2 ||     2
 Cast: Sandblast         |    21 |    20 ||    41
       Passwall          |     2 |       ||     2
       Stone Arrow       |     2 |     7 ||     9
  Use: Potion            |       |     1 ||     1
       Scroll            |       |     3 ||     3
Armor: Robe              |     2 |     3 ||     5
Dodge: Dodged            |     2 |    13 ||    15
